Map: Efflorescence LE

Players

Romu

  • Race: Zerg Zerg
  • League: Diamond
  • Spawn Location: 6:00

cadaversoon

  • Race: Terran Terran
  • Spawn Location: 9:00

qqq - Winner!

  • Race: Zerg Zerg
  • Spawn Location: 3:00

Massa - Winner!

  • Race: Terran Terran
  • League: Platinum
  • Spawn Location: 12:00

VOD

Have the link to the VOD?

Description

Time

  • Played on: Nov. 6, 2020, 12:20 p.m.
  • Length: 6:42
Show
View Real Time Build Order
Export as new Build Order

Romu Zerg 

Build Orders: Pool First 

Get SALT Encoding   

  12  0:00  Drone  
  13  0:08  Drone  
  14  0:17  Extractor x2  
  14  0:18  Drone  
  13  0:24  Drone  
  16  0:29  Overlord  
  16  0:47  Spawning Pool  
  16  0:48  Drone  
  16  0:51  Drone  
  16  0:55  Drone  
  18  1:17  Hatchery  
  17  1:20  Drone  
  17  1:24  Extractor  
  17  1:33  Drone x2  
  17  1:38  Queen  
  21  1:41  Drone  
  22  1:51  Overlord  
  22  2:19  Zergling x4  
  22  2:21  Queen  
  26  2:23  Zergling x2  
  27  2:34  Drone  
  27  2:36  Drone  
  29  2:46  Drone x2  
  29  2:48  Hatchery  
  29  2:51  Drone  
  31  2:55  Drone x2  
  33  2:58  Drone  
  33  3:04  Drone  
  34  3:08  Drone  
  34  3:11  Drone  
  36  3:14  Metabolic Boost  
  36  3:20  Overlord  
  36  3:35  Overlord  
  36  3:45  Zergling x12  
  42  3:52  Lair  
  42  3:56  Zergling x4  
  42  3:58  Queen  
  46  4:03  Zergling x6  
  46  4:08  Zergling x4  
  51  4:12  Zergling x2  
  51  4:15  Drone  
  53  4:20  Zergling x2  
  51  4:31  Zergling x6  
  51  4:32  Zergling x6  
  51  4:33  Zergling x2  
  50  4:44  Zergling x6  
  49  4:52  Zergling x4  
  51  4:57  Zergling x8  
  55  5:01  Zergling x2  
  55  5:08  Overlord x2  
  52  5:37  Overlord x3  
  52  5:41  Roach Warren  
  50  5:48  Drone  
  50  5:49  Drone x2  
  51  5:52  Extractor  
  51  5:55  Drone x3, Overlord x2  
  51  6:15  Zergling x2  
  51  6:16  Zergling x10  
  44  6:22  Roach x2  
  44  6:23  Roach x3  
Show
View Real Time Build Order
Export as new Build Order

cadaversoon Terran 

Build Orders:  

Get SALT Encoding   

  12  0:00  SCV  
  13  0:12  SCV  
  14  0:18  Supply Depot  
  14  0:24  SCV  
  15  0:37  Refinery  
  15  0:40  SCV  
  16  0:46  Barracks  
  16  0:52  SCV  
  17  1:10  SCV, Barracks  
  18  1:23  Barracks  
  19  1:34  Orbital Command  
  18  1:44  Barracks Tech Lab  
  18  1:49  Supply Depot  
  18  2:04  Stimpack  
  18  2:05  SCV  
  18  2:07  Barracks Reactor  
  19  2:25  Barracks Reactor  
  19  2:29  SCV  
  20  2:34  Refinery  
  20  2:36  Supply Depot  
  20  2:43  Marauder  
  20  2:44  Marine x2  
  22  2:48  SCV  
  25  3:00  SCV  
  25  3:02  Marine  
  25  3:03  Marine x3  
  31  3:07  Marauder  
  32  3:20  SCV  
  32  3:21  Marine x3  
  32  3:22  Marine  
  37  3:28  Marauder  
  39  3:34  Factory  
  39  3:45  Supply Depot  
  39  4:05  Command Center  
  39  4:06  SCV  
  40  4:13  Marine x2  
  40  4:14  Marine x2  
  34  4:34  SCV  
  34  4:37  Starport  
  34  4:38  Marine, Factory Reactor  
  31  4:39  Marine  
  31  4:47  SCV  
  32  4:56  Bunker  
  32  4:59  Bunker  
  32  5:03  Marine x3  
  32  5:04  Marine  
  36  5:19  Marine  
  36  5:21  Marine x3  
  40  5:35  Engineering Bay  
  39  5:36  Medivac  
  41  5:48  Orbital Command  
  41  5:57  SCV  
  41  6:09  Medivac x2  
  45  6:13  Marine x3  
  48  6:20  Marine x2  
  48  6:22  SCV  
Show
View Real Time Build Order
Export as new Build Order

qqq Zerg - Winner!

Build Orders: Hatch First 

Get SALT Encoding   

  12  0:01  Drone  
  13  0:13  Drone  
  14  0:39  Hatchery  
  13  0:50  Drone  
  14  0:59  Spawning Pool  
  13  1:08  Overlord  
  13  1:16  Drone  
  14  1:26  Drone  
  14  1:29  Drone, Extractor  
  14  1:32  Drone  
  16  1:46  Drone  
  17  1:52  Queen  
  19  1:56  Drone  
  19  1:57  Drone  
  21  2:06  Drone  
  21  2:08  Drone  
  23  2:15  Drone  
  24  2:16  Queen  
  24  2:22  Drone  
  27  2:24  Drone  
  27  2:29  Overlord  
  28  2:36  Overlord  
  28  2:49  Zergling x2  
  29  2:52  Drone  
  29  2:53  Zergling x2  
  31  3:01  Zergling x2  
  31  3:02  Metabolic Boost  
  31  3:04  Zergling x2  
  33  3:06  Overlord  
  33  3:07  Zergling x4  
  33  3:10  Zergling x2  
  36  3:21  Baneling Nest  
  36  3:22  Zergling x4  
  36  3:23  Zergling x2  
  38  3:32  Zergling x2  
  38  3:33  Zergling x4  
  38  3:34  Zergling x2  
  42  3:37  Zergling x2  
  43  3:42  Zergling x2  
  43  3:45  Overlord  
  43  3:48  Zergling x2  
  45  3:50  Zergling x2  
  45  3:53  Zergling x2  
  47  3:56  Drone  
  48  4:14  Zergling x4  
  48  4:15  Drone, Zergling x6  
  54  4:19  Baneling x5  
  54  4:20  Baneling  
  41  4:33  Zergling x4  
  41  4:34  Zergling x6  
  43  4:44  Zergling x2  
  43  4:53  Drone  
  44  5:08  Hatchery  
  44  5:13  Zergling x10  
  48  5:14  Drone x3  
  46  5:34  Zergling x4  
  46  5:35  Zergling x6  
  44  5:37  Baneling x3  
  44  5:46  Baneling x5  
  44  5:47  Baneling x2  
  44  5:48  Zergling x2  
  44  6:16  Zergling x6  
  44  6:18  Zergling x6  
  47  6:24  Drone  
  52  6:26  Drone x3  
  58  6:32  Extractor  
Show
View Real Time Build Order
Export as new Build Order

Massa Terran - Winner!

Build Orders:  

Get SALT Encoding   

  12  0:00  SCV  
  13  0:12  SCV  
  14  0:22  Supply Depot  
  14  0:24  SCV  
  15  0:39  Refinery  
  15  0:44  SCV  
  15  0:46  Barracks  
  16  0:56  SCV  
  17  1:08  SCV  
  18  1:20  SCV  
  20  1:32  Reaper, SCV  
  20  1:35  Barracks  
  21  1:46  Orbital Command  
  21  2:00  Command Center  
  21  2:05  Marine  
  22  2:12  SCV  
  23  2:24  Barracks Tech Lab  
  23  2:29  Supply Depot  
  23  2:31  Supply Depot  
  23  2:50  Marine  
  23  2:51  Marine  
  24  2:52  Stimpack  
  25  3:01  Barracks, Factory  
  25  3:08  Marine  
  25  3:11  Marauder  
  28  3:15  SCV  
  29  3:22  Supply Depot  
  29  3:26  Marine, Engineering Bay  
  30  3:34  Orbital Command  
  30  3:41  Marauder  
  32  3:45  Widow Mine  
  32  3:46  Marine  
  32  3:48  Marine  
  36  4:02  Marauder  
  38  4:04  Marine  
  38  4:06  SCV x2, Marine  
  38  4:07  Widow Mine  
  44  4:22  Marine  
  44  4:24  Marauder, Marine  
  47  4:43  Widow Mine  
  47  4:45  Marauder, Marine x2  
  52  5:03  Marine x2  
  52  5:04  Widow Mine  
  52  5:07  Marauder  
  58  5:15  SCV x2  
  58  5:21  Marine x2  
  61  5:24  Missile Turret  
  61  5:27  Missile Turret  
  62  5:30  Missile Turret  
  62  5:32  Supply Depot  
  62  5:33  Supply Depot  
  62  5:43  Marine  
  62  5:45  SCV x2  
  62  5:48  Marine  
  61  5:51  Marauder  
  61  5:53  Hellion  
  58  5:57  SCV x2  
  58  6:01  Marine  
  61  6:06  Marine  
  61  6:12  Marauder  
  61  6:15  Widow Mine  
  65  6:18  Marine  
  65  6:24  Marine  
Tags
 
Add a new tag
Caveats
  • Supply blocks, unpowered buildings, or Contaminate may cause inaccurate times.
  • Supply counts are checked every 10 seconds.